 Dungeon Crawl Stone Soup version 0.26.1-15-g04117e645d (webtiles) character file.

Game seed: 2782998183406828812

1051 Uileat the Insei (level 7, -7/55 HPs)
             Began as a Demigod Transmuter on June 3, 2021.
             Mangled by an orc warrior
             ... wielding a +0 glaive
              (25 damage)
             ... on level 6 of the Dungeon on Apr 8, 2022.
             The game lasted 00:31:19 (7553 turns).

Uileat the Insei (Demigod Transmuter)               Turns: 7553, Time: 00:31:19

Health: -7/55      AC:  7    Str: 13    XL:     7   Next: 76%
Magic:  15/15      EV: 14    Int: 21    God:
Gold:   250        SH:  0    Dex: 18    Spells: 12/13 levels left

rFire    + . .     SeeInvis .     - Unarmed
rCold    . . .     Faith    .   (no shield)
rNeg     + + .     Spirit   .   u - +2 robe "Wyssonaf" {rElec rN++ rCorr}
rPois    +         Reflect  .   (helmet currently unavailable)
rElec    +         Harm     .   x - +2 cloak
rCorr    +         Rampage  .   (no gloves)
Will     .....                  (boots currently unavailable)
Stlth    ++........             (no amulet)
HPRegen  0.18/turn              g - ring of poison resistance
MPRegen  0.14/turn              (no ring)

@: appendages
A: horns 2, talons 2, clever 1, fire resistance 1, high mp 1, MP-powered wands
a: End Transformation


You were on level 6 of the Dungeon.
You had grown temporary horns.
You had grown temporary talons.
You visited 1 branch of the dungeon, and saw 6 of its levels.

You collected 250 gold pieces.

Inventory:

Missiles
 b - a boomerang
 o - 16 poisoned darts
Armour
 t - a +0 helmet (melded)
 u - the +2 robe "Wyssonaf" (worn) {rElec rN++ rCorr}
   (You found it on level 4 of the Dungeon)

   It insulates you from electricity.
   It greatly protects you from negative energy.
   It provides partial protection from all sources of acid and corrosion.
 x - a +2 cloak (worn)
Jewellery
 g - a ring of poison resistance (left hand)
Wands
 y - a wand of acid (6)
Scrolls
 a - a scroll of immolation {unknown}
 c - a scroll of random uselessness {unknown}
 e - 2 scrolls of fog {unknown}
 f - 4 scrolls of teleportation {unknown}
 h - 4 scrolls of identify
 k - 3 scrolls of fear {unknown}
 q - 2 scrolls of magic mapping {unknown}
 s - a scroll of remove curse
Potions
 d - 2 potions of mutation
 i - a potion of experience {unknown}
 j - 4 potions of curing
 l - a potion of invisibility
 m - a potion of degeneration {unknown}
 n - a potion of haste {unknown}
 p - a potion of cancellation {unknown}
 r - a potion of berserk rage {unknown}
 v - 2 potions of flight {unknown}
 w - a potion of lignification


   Skills:
 + Level 2.2 Fighting
 + Level 2.9 Armour
 + Level 3.1 Dodging
 + Level 1.9 Stealth
 + Level 5.3 Unarmed Combat
 + Level 3.7 Spellcasting
 + Level 3.7 Transmutations


You had 12 spell levels left.
You knew the following spells:

 Your Spells              Type           Power        Failure   Level
a - Beastly Appendage     Tmut           38%          2%          1

Your spell library contained the following spells:

 Spells                   Type           Power        Failure   Level
 Wereblood                Tmut           19%          4%          2
 Spider Form              Tmut/Pois      5%           17%         3
 Ice Form                 Ice/Tmut       11%          50%         4
 Blade Hands              Tmut           9%           58%         5


Dungeon Overview and Level Annotations

Branches:
Dungeon (6/15)
 Temple: D:4-7


Innate Abilities, Weirdness & Mutations

You have an increased reservoir of magic. (+10% MP)
You have a pair of horns on your head.
You have razor-sharp toenails.
Your mind is acute. (Int +2)
Your flesh is heat resistant. (rF+)
You expend magic power (3 MP) to strengthen your wands.


Message History

Your headbutt misses the orc warrior. The orc warrior closely misses you.
You hit the orc warrior. Your kick misses the orc warrior.
You headbutt the orc warrior.
The orc warrior is lightly wounded.
The orc warrior hits you but does no damage.
You hit the orc warrior but do no damage.
Your kick misses the orc warrior.
The orc warrior is lightly wounded.
You barely miss the orc warrior.
You claw the orc warrior, but do no damage.
The orc warrior is lightly wounded.
You hit the orc warrior.
You headbutt the orc warrior, but do no damage.
The orc warrior is moderately wounded.
The orc warrior hits you with a +0 glaive!!
You punch the orc priest! Your kick misses the orc priest.
The orc priest is heavily wounded.
The orc priest hits you but does no damage.
The orc warrior hits you with a +0 glaive!!
You die...

#....###..S#####
#....# #.#.###
#....# #.....#
####....#
###.#.###
#.......#
#.#...#
#.##....#
#..o#.#
...#....#
###o#..
.8......#
#o#######
...#....#
#o@.....#
..##....#
#######.#
..##.#### .# #.#
.# #.# .###.#
..##.# ..##.##
...#..#


You could see an orc warrior, an orc priest, an orc wizard and an orc.

Vanquished Creatures
  Sigmund (D:3)
  A sky beast (D:5)
  A phantom (D:4)
  An ogre (D:5)
  A scorpion (D:5)
  2 hounds
  2 jellies (D:5)
  A centaur zombie (D:5)
  2 orc priests
  Terence (D:3)
  2 orc wizards
  2 worker ants
  A hound zombie (D:6)
  A hound skeleton (D:5)
  6 adders
  3 gnolls (D:5)
  A shadow imp (D:4)
  A white imp (D:5)
  An ooze (D:5)
  An adder skeleton (D:4)
  3 worms
  4 dart slugs
  A leopard gecko (D:3)
  17 orcs
  3 ball pythons
  4 giant cockroaches
  8 goblins
  5 hobgoblins
  2 jackals (D:2)
  2 quokkas
  6 bats
  4 frilled lizards
  3 jackal skeletons
  5 kobolds
  7 rats
106 creatures vanquished.

Notes
Turn   | Place    | Note
-------+----------+-------------------------------------------
     0 | D:1      | Uileat the Demigod Transmuter began the quest for the Orb.
     0 | D:1      | Reached XP level 1. HP: 15/15 MP: 5/5
   216 | D:1      | Reached skill level 3 in Unarmed Combat
   471 | D:1      | Reached XP level 2. HP: 22/22 MP: 5/7
  1368 | D:2      | Reached XP level 3. HP: 16/27 MP: 6/8
  1820 | D:2      | Reached skill level 1 in Fighting
  2052 | D:2      | Found a shimmering altar of Xom.
  2458 | D:3      | Reached skill level 1 in Stealth
  2458 | D:3      | Reached XP level 4. HP: 22/35 MP: 8/10
  2699 | D:3      | Noticed Sigmund
  2719 | D:3      | Killed Sigmund
  2720 | D:3      | Reached skill level 1 in Armour
  2720 | D:3      | Reached skill level 4 in Unarmed Combat
  2720 | D:3      | Reached XP level 5. HP: 11/40 MP: 10/12
  3153 | D:3      | Upgraded the game from 0.26.1-11-gd32895ea62 to
                  | 0.26.1-15-g04117e645d
  3170 | D:3      | Noticed Terence
  3186 | D:3      | Killed Terence
  3558 | D:3      | Found an ancient bone altar of Kikubaaqudgha.
  4013 | D:4      | Reached XP level 6. HP: 36/47 MP: 13/13
  4169 | D:4      | Gained mutation: Your mind is acute. (Int +2) [potion of
                  | mutation]
  4169 | D:4      | Gained mutation: Your flesh is heat resistant. (rF+)
                  | [potion of mutation]
  4169 | D:4      | Gained mutation: You expend magic power (3 MP) to
                  | strengthen your wands. [potion of mutation]
  4934 | D:4      | Found a snail-covered altar of Cheibriados.
  5183 | D:4      | Got a transparent robe
  5194 | D:4      | Identified the +2 robe "Wyssonaf" {rElec rN++ rCorr} (You
                  | found it on level 4 of the Dungeon)
  5639 | D:5      | Entered Level 5 of the Dungeon
  5737 | D:5      | Reached XP level 7. HP: 53/53 MP: 13/15
  5900 | D:5      | HP: 1/53 [acid (4)]
  6795 | D:5      | Reached skill level 5 in Unarmed Combat
  7313 | D:5      | Found a blossoming altar of Fedhas.
  7553 | D:6      | Mangled by an orc warrior

Illustrated notes

Levels and vault maps discovered:
D:1:      dpeg_arrival_pond, layout_loops_ring, serial_co_window_serial,
          co_window_paths_b, co_window_paths_b, co_window_of_opportunity_a,
          co_window_paths_b, co_window_corner_a, co_window_broadway_c,
          co_window_unsneaky_path_e, co_window_paths_c, co_window_corner_b,
          minmay_statues_item
D:2:      layout_basic, lemuel_round_altar
D:3:      layout_basic, overflow_temple_1_default, uniq_terence, uniq_sigmund
D:4:      layout_layer_cave, cheibriados_altar_1, grunt_ministairs_15,
          minmay_increasing_density
D:5:      layout_loops_ring, lemuel_coloured_pillars_altar
D:6:      layout_basic, okawaru_gym_becter, marbit_many_paths,
          grunt_ministairs_13, nemelex_lonely_heart_becter

Skill      XL: |  1  2  3  4  5  6  7 |
---------------+----------------------+-----
Unarmed Combat | 3 4 5 |  5.3
Spellcasting   | 2 3 |  3.7
Transmutations | 2 3 |  3.7
Dodging        | 2 3 |  3.1
Fighting       | 1 2 |  2.2
Stealth        | 1 |  1.9
Armour         | 1 2 |  2.9

Action                   |  1- 3 |  4- 6 |  7- 9 || total
-------------------------+-------+-------+-------++-------
Melee: Unarmed           |   116 |   167 |    95 ||   378
       Kick              |    22 |    50 |    26 ||    98
       Headbutt          |    11 |    28 |    25 ||    64
       Punch             |       |     3 |     3 ||     6
 Cast: Beastly Appendage |    34 |    25 |    13 ||    72
  Use: Scroll            |       |     3 |       ||     3
       Potion            |       |     5 |       ||     5
 Stab: Sleeping          |     2 |       |     2 ||     4
Armor: Robe              |     9 |     1 |    21 ||    31
       Ring mail         |    14 |    48 |       ||    62
       Scale mail        |       |     2 |       ||     2
Dodge: Dodged            |    71 |    69 |    46 ||   186
Block: Kite shield       |       |     3 |       ||     3
